 Dungeon Sprint DCSS version 0.30-a0-457-g4b7bca3bfa (webtiles) character file.

Game seed: 8281925279998282673

249958 BigDaddyOpFi the Hill Orc Cataclysm (level 20, -17/216 HPs)
             Began as a Hill Orc Fighter on Dec 12, 2022.
             Was a High Priest of Qazlal.
             Killed from afar by Lom Lobon (47 damage)
             ... with a great icy blast
             ... in the Dungeon (Sprint VII: "The Pits") on Dec 13, 2022.
             The game lasted 00:33:10 (8310 turns).

BigDaddyOpFi the Hill Orc Cataclysm (HOFi)          Turns: 8310, Time: 00:33:11

Health: -17/216    AC: 56    Str: 35 (36) XL:     20   Next: 6%
Magic:  18/37      EV: 15    Int:  8      God:    Qazlal [*****.]
Gold:   268        SH: 49    Dex:  8      Spells: 19/19 levels left

rFire   + . .      SeeInvis .    V - +8 mithril axe "Arga" {speed, Will+}
rCold   + . .      Faith    .    W - +10 tower shield of Ignorance {rN+ Int-4}
rNeg    + . .      Spirit   .    Y - +10 gold dragon scales
rPois   +          Reflect  +    l - +4 hat
rElec   +          Harm     .    c - +0 cloak of the Flute {rPois Dex+5}
rCorr   .          Rampage  .    Z - +4 pair of gloves
Will    ++...      NoTele   +    C - +1 pair of boots
Stlth   +.........               a - amulet of Departure {Reflect rElec rPois SH+5}
HPRegen 0.56/turn                d - ring "Ceridorgh" {rPois Str+5 Slay+5}
MPRegen 0.25/turn                j - ring "Nampevva" {AC+4 Str+3 Int+4 Dex-5 Stlth+}

@: frozen, protected from electricity, hasted, repel missiles, very quick
A: large bone plates 1, clumsy 1, deterioration 1
}: 1/3 runes: silver
a: Renounce Religion, Upheaval, Elemental Force, Disaster Area


You were in the Dungeon.
You worshipped Qazlal.
Qazlal was extremely pleased with you.
You visited 1 branch You collected 268 gold pieces.

Inventory:

Hand Weapons
 m - the +7 sceptre of Asmodeus
   (You took it off Asmodeus in the Dungeon)

   It can be evoked to summon fiery demons, with success rate depending on
   Evocations skill.
   Those summoned this way will remain friendly only for a limited time.
 V - the +8 mithril axe "Arga" (weapon) {speed, Will+}
   (You found it in the Dungeon)

   Attacks with this weapon are significantly faster.
   Will:      It increases your willpower.
Armour
 c - the +0 cloak of the Flute (worn) {rPois Dex+5}
   (You found it in the Dungeon)

   Dex:       It affects your dexterity (+5).
   rPois:     It protects you from poison.
 l - a +4 hat (worn)
 C - a +1 pair of boots (worn)
 S - the +7 buckler of the Tundras {*Corrode rElec rC- Dex+9}
   (You found it in the Dungeon)

   Dex:       It affects your dexterity (+9).
   rC:        It makes you vulnerable to cold.
   rElec:     It insulates you from electricity.
   *Corrode:  It may corrode you when you take damage.
 W - the +10 tower shield of Ignorance (worn) {rN+ Int-4}
   (You found it in the Dungeon)

   Int:       It affects your intelligence (-4).
   rN:        It protects you from negative energy.
 Y - +10 gold dragon scales (worn)
 Z - a +4 pair of gloves (worn)
Jewellery
 a - the amulet of Departure (around neck) {Reflect rElec rPois SH+5}
   (You found it in the Dungeon)

   [amulet of reflection]

   It reflects blocked missile attacks.
   rElec:     It insulates you from electricity.
   rPois:     It protects you from poison.
   SH:        It affects your SH (+5).
 b - the amulet "Meaxep" {Reflect +Inv Fly rPois Int-5 SH+5}
   (You found it in the Dungeon)

   [amulet of reflection]

   It reflects blocked missile attacks.
   Int:       It affects your intelligence (-5).
   rPois:     It protects you from poison.
   +Inv:      It lets you turn invisible.
   Fly:       It grants you flight.
   SH:        It affects your SH (+5).
 d - the ring "Ceridorgh" (left hand) {rPois Str+5 Slay+5}
   (You found it in the Dungeon)

   [ring of slaying]

   Str:       It affects your strength (+5).
   Slay:      It affects your accuracy & damage with ranged weapons and melee
   (+5).
   rPois:     It protects you from poison.
 f - the ring of Dawn {rPois rN+ Will+ Slay+2 SInv}
   (You found it in the Dungeon)

   [ring of positive energy]

   Slay:      It affects your accuracy & damage with ranged weapons and melee
   (+2).
   rPois:     It protects you from poison.
   rN:        It protects you from negative energy.
   SInv:      It lets you see invisible.
   Will:      It increases your willpower.
 h - the ring "Gyamaj" {Fire rPois Dex+2}
   (You found it in the Dungeon)

   [ring of fire]

   It enhances your fire magic.
   Dex:       It affects your dexterity (+2).
   rF:        It protects you from fire.
   rC:        It makes you vulnerable to cold.
   rPois:     It protects you from poison.
 j - the ring "Nampevva" (right hand) {AC+4 Str+3 Int+4 Dex-5 Stlth+}
   (You found it in the Dungeon)

   [ring of protection]

   AC:        It affects your AC (+4).
   Str:       It affects your strength (+3).
   Int:       It affects your intelligence (+4).
   Dex:       It affects your dexterity (-5).
   Stlth:     It makes you more stealthy.
 u - the ring "Ugupher" {AC+6 Dex+3}
   (You found it in the Dungeon)

   [ring of protection]

   AC:        It affects your AC (+6).
   Dex:       It affects your dexterity (+3).
 E - the amulet "Qeygoh" {Faith Harm Dex+4}
   (You found it in the Dungeon)

   [amulet of faith]

   It allows you to gain divine favour quickly.
   Dex:       It affects your dexterity (+4).
   Harm:      It increases damage dealt and taken.
 P - the ring of the Harvest {*Corrode rF+ Will+ EV+6}
   (You found it in the Dungeon)

   [ring of evasion]

   EV:        It affects your evasion (+6).
   rF:        It protects you from fire.
   *Corrode:  It may corrode you when you take damage.
   Will:      It increases your willpower.
Wands
 T - a wand of paralysis (6)
Scrolls
 o - 7 scrolls of enchant weapon
 q - 7 scrolls of identify
 w - 3 scrolls of fog
 D - a scroll of magic mapping
 O - a scroll of poison
 R - 2 scrolls of brand weapon
Potions
 e - 10 potions of curing
 g - 6 potions of haste
 i - 5 potions of berserk rage
 k - 2 potions of invisibility
 p - a potion of ambrosia
 s - 4 potions of mutation
 v - 3 potions of brilliance
 H - 5 potions of might
 Q - a potion of cancellation
 U - 6 potions of magic
 X - a potion of flight
Miscellaneous
 y - a tin of tremorstones (2/2)
 F - a piece from Xom's chessboard (15/15)


   Skills:
 O Level 27 Fighting
 O Level 27 Axes
 O Level 27 Armour
 O Level 27 Dodging
 * Level 22.1 Stealth
 O Level 27 Shields
 O Level 27 Invocations
 O Level 27 Evocations


You had 19 spell levels left.
You didn't know any spells.
Your spell library contained the following spells:

 Spells                   Type           Power      Damage    Failure   Level
 Shock                    Conj/Air       0%         1d3       88%         1
 Sting                    Tmut/Pois      0%         1d3       88%         1
 Ensorcelled Hibernation  Hex/Ice        0%         N/A       95%         2
 Passwall                 Tmut/Erth      0%         N/A       95%         2
 Kindle Blastsparks       Fire/Tloc/Air  0%         2d10      99%         3
 Summon Guardian Golem    Hex/Summ       0%         N/A       99%         3
 Swiftness                Air            0%         N/A       99%         3
 Airstrike                Air            0%         2d(0-16)  100%        4
 Fulminant Prism          Conj/Hex       0%         3d5       100%        4
 Iskenderun's Mystic Bla  Conj/Tloc      0%         2d3       100%        4
 Blade Hands              Tmut           0%         N/A       100%        5
 Lee's Rapid Deconstruct  Erth           0%         3d4*      100%        5
 Orb of Destruction       Conj           0%         9d5       100%        7
 Spellforged Servitor     Conj/Summ      0%         N/A       100%        7


Dungeon Overview and Level Annotations

Branches:
Dungeon (1/1)

Altars:
Ashenzari
Cheibriados
Dithmenos
Elyvilon
Fedhas
Gozag
Hepliaklqana
Kikubaaqudgha
Makhleb
Nemelex Xobeh
Okawaru
Qazlal
Ru
Sif Muna
Trog
Uskayaw
Vehumet
Wu Jian
Xom
Yredelemnul
Zin
The Shining One
Beogh
Jiyva
Lugonu

Annotations:
D Lom Lobon


Innate Abilities, Weirdness & Mutations

You are partially covered in large bone plates. (SH +4)
You are clumsy. (Dex -2)
Your body sometimes deteriorates upon taking damage.


Message History

3 ball lightnings come into view.
Okay, then.
You feel better.
The ball lightning explodes!
The blast of lightning engulfs Lom Lobon.
Lom Lobon completely resists.
The blast of lightning engulfs the ball lightning.
The ball lightning completely resists.
The blast of lightning engulfs you! You resist.
* * * LOW HITPOINT WARNING * * *
The blast of lightning engulfs the ball lightning.
The ball lightning completely resists.
The ball lightning explodes!
The blast of lightning engulfs you! You resist.
* * * LOW HITPOINT WARNING * * *
The blast of lightning engulfs Lom Lobon.
Lom Lobon completely resists.
You feel better. Lom Lobon gestures at you.
Lom Lobon conjures a mighty blast of ice!
The great icy blast engulfs you!! You partially resist.
* * * LOW HITPOINT WARNING * * *
Your body deteriorates!
You feel weakened.
You are encased in ice.
You feel better.
The ball lightning explodes!
The blast of lightning engulfs Lom Lobon.
Lom Lobon completely resists.
The blast of lightning engulfs you. You resist.
You feel more protected from electricity.
* * * LOW HITPOINT WARNING * * *
You block Lom Lobon's attack.
You slash Lom Lobon!
Lom Lobon is severely wounded.
You closely miss Lom Lobon.
Lom Lobon is severely wounded.
You slice Lom Lobon!!
Lom Lobon is almost dead.
Lom Lobon gestures at you.
Lom Lobon conjures a mighty blast of ice!
The great icy blast engulfs you!!! You partially resist.
You die...

*,,*****,**,,***,*
+**+,*,**+,,** *+*
,*,****+*,,+** *,*
*****,**,,**,**#+#
***,**+,,*+**+##§##
,***+*,,+**,*,#§§§#
,,***,,**,***++☼§☼#
*** ******* ***#§#*
################@#
....[[..#..#..##&#
..).)...#..#[.##'#
######..#'[#''##.#
.....#.....)..##)#
.....#....[...##.#
.....'..#..#..##'#
.====#[..[.).[##.#
.[...#........##'#


You could see Lom Lobon (gusty).

Vanquished Creatures
  Asmodeus (D)
  Ereshkigal (D)
  3 pandemonium lords (D)
  2 orbs of fire (D)
  Mara (D)
  4 ancient liches (D)
  Mennas (D)
  2 royal mummies (D)
  Boris (D)
  the Lernaean hydra (D)
  Margery (D)
  2 Killer Klowns (D)
  Saint Roka (D)
  Xtahua (D)
  Frederick (D)
  2 golden dragons (D)
  3 profane servitors (D)
  Jory (D)
  A bone dragon (D)
  2 Brimstone Fiends (D)
  A Hell Sentinel (D)
  3 tentacled monstrosities (D)
  An Ice Fiend (D)
  26 Orb Guardians (D)
  3 liches (D)
  A deep elf blademaster (D)
  6 titans (D)
  An acid blob (D)
  An Executioner (D)
  Frances (D)
  Polyphemus (D)
  2 sphinxes (D)
  4 storm dragons (D)
  2 shadow dragons (D)
  4 daevas (D)
  An azure jelly (D)
  2 deep elf sorcerers (D)
  2 frost giants (D)
  An iron dragon (D)
  A rockslime (D)
  2 nagarajas (D)
  A draconian knight (D)
  2 fire giants (D)
  3 balrugs (D)
  2 draconian scorchers (D)
  Louise (D)
  2 angels (D)
  3 cacodemons (D)
  3 orc warlords (D)
  A draconian stormcaller (D)
  A reaper (D)
  2 ghost moths (D)
  A draconian annihilator (D)
  2 stone giants (D)
  A ghoul (D)
  2 black draconians (D)
  3 deep elf demonologists (D)
  3 lorocyprocas (D)
  An apis (D)
  A dire elephant (D)
  2 purple draconians (D)
  5 deep elf annihilators (D)
  2 blizzard demons (D)
  2 deep elf death magi (D)
  4 ettins (D)
  2 mummy priests (D)
  5 ice dragons (D)
  A merfolk impaler (D)
  3 fire dragons (D)
  A vault guard (D)
  2 yaktaur captains (D)
  A rakshasa (D)
  Josephine (D)
  3 hydras (D)
  3 hell beasts (D)
  7 ogre magi (D)
  A merfolk avatar (D)
  A catoblepas (D)
  A spriggan air mage (D)
  An anaconda (D)
  An alligator snapping turtle (D)
  2 merfolk aquamancers (D)
  4 boulder beetles (D)
  8 two-headed ogres (D)
  3 naga warriors (D)
  4 hell hogs (D)
  A deep troll shaman (D)
  2 vampire magi (D)
  A spriggan berserker (D)
  A soul eater (D)
  4 sun demons (D)
  5 deep elf knights (D)
  8 hell knights (D)
  7 iron trolls (D)
  2 shadow wraiths (D)
  A fire crab (D)
  4 skeletal warriors (D)
  21 deep trolls (D)
  A lindwurm (D)
  A phantasmal warrior (D)
  2 flayed ghosts (D)
  A swamp dragon (D)
  A deep elf zephyrmancer (D)
  3 harpies (D)
  Pikel (D)
  A large abomination (D)
  2 wizards (D)
  2 necromancers (D)
  An orc sorcerer (D)
  12 orc knights (D)
  An ugly thing (D)
  8 cyclopes (D)
  An eye of devastation (D)
  A rust devil (D)
  A smoke demon (D)
  A hellion (D)
  An orange demon (D)
  A komodo dragon (D)
  3 yaktaurs (D)
  7 kobold demonologists (D)
  An ice devil (D)
  2 tormentors (D)
  10 trolls (D)
  3 merfolk (D)
  2 tarantellas (D)
  4 slime creatures (D)
  5 jumping spiders (D)
  An air elemental (D)
  3 wraiths (D)
  A fire bat (D)
  A shadow (D)
  3 fire elementals (D)
  A vampire (D)
  7 water elementals (D)
  A human (shapeshifter) (D)
  2 neqoxecs (D)
  A golden eye (D)
  A steam dragon (D)
  A basilisk (D)
  A chaos spawn (D)
  3 redbacks (D)
  3 wargs (D)
  3 hell hounds (D)
  Pargi (D)
  A swamp drake (D)
  A floating eye (D)
  11 orc warriors (D)
  7 ogres (D)
  A phantom (D)
  A centaur (D)
  7 wolves (D)
  2 lemures (D)
  A kobold brigand (D)
  3 necrophages (D)
  A scorpion (D)
  8 killer bees (D)
  A quasit (D)
  A hound (D)
  4 orc priests (D)
  3 gnoll boudas (D)
  5 orc wizards (D)
  A hell rat (D)
  A mummy (D)
  An adder (D)
  11 gnolls (D)
  A white imp (D)
  2 ufetubi (D)
  3 adder zombies (D)
  A worm (D)
  14 orcs (D)
  2 ball pythons (D)
  2 bat zombies (D)
  3 giant cockroaches (D)
  6 jackals (D)
  A quokka (D)
  A ball python skeleton (D)
  2 ball python zombies (D)
  A frilled lizard (D)
  A giant cockroach simulacrum (D)
  A giant cockroach zombie (D)
  8 kobolds (D)
  A quokka skeleton (D)
  A rat (D)
  2 ball lightnings (D)
499 creatures vanquished.

Vanquished Creatures (others)
  An orc sorcerer (D)
  A vampire (D)
  A swamp drake (D)
  A hobgoblin (D)
  13 ball lightnings (D)
17 creatures vanquished.

Grand Total: 516 creatures vanquished

Notes
Turn   | Place    | Note
-------+----------+-------------------------------------------
     0 | D        | BigDaddyOpFi the Hill Orc Fighter began the quest for the
                  | Orb.
     0 | D        | Reached XP level 1. HP: 19/19 MP: 1/1
    31 | D        | Found a glowing golden altar of the Shining One.
    31 | D        | Found a glowing silver altar of Zin.
    31 | D        | Found a basalt altar of Yredelemnul.
    31 | D        | Found a shimmering altar of Xom.
    31 | D        | Found an ornate altar of the Wu Jian Council.
    31 | D        | Found a bloodstained altar of Trog.
    31 | D        | Found a shimmering blue altar of Sif Muna.
    31 | D        | Found a sacrificial altar of Ru.
    31 | D        | Found a stormy altar of Qazlal.
    31 | D        | Found an iron altar of Okawaru.
    31 | D        | Found a sparkling altar of Nemelex Xobeh.
    31 | D        | Found a burning altar of Makhleb.
    31 | D        | Found a viscous altar of Jiyva.
    31 | D        | Found a hazy altar of Hepliaklqana.
    31 | D        | Found an opulent altar of Gozag.
    31 | D        | Found a blossoming altar of Fedhas.
    31 | D        | Found a white marble altar of Elyvilon.
    31 | D        | Found a shadowy altar of Dithmenos.
    31 | D        | Found a snail-covered altar of Cheibriados.
    32 | D        | Found a radiant altar of Vehumet.
    32 | D        | Found a corrupted altar of Lugonu.
    32 | D        | Found a roughly hewn altar of Beogh.
    33 | D        | Found an ancient bone altar of Kikubaaqudgha.
    33 | D        | Found a hide-covered altar of Uskayaw.
    33 | D        | Found a broken altar of Ashenzari.
    36 | D        | Became a worshipper of Qazlal Stormbringer
    58 | D        | Reached * piety under Qazlal
    69 | D        | Reached ** piety under Qazlal
    70 | D        | Reached skill level 1 in Invocations
    70 | D        | Reached XP level 2. HP: 21/27 MP: 2/2
    79 | D        | Reached *** piety under Qazlal
   145 | D        | Noticed Pargi
   146 | D        | Noticed a fire bat
   146 | D        | Noticed a phantom
   151 | D        | HP: 1/28 [orc priest/divine providence (14)]
   160 | D        | Killed Pargi
   161 | D        | Reached skill level 5 in Axes
   161 | D        | Reached skill level 5 in Armour
   161 | D        | Reached skill level 5 in Shields
   161 | D        | Reached XP level 3. HP: 27/37 MP: 4/7
   161 | D        | Reached XP level 4. HP: 33/44 MP: 4/8
   161 | D        | Reached XP level 5. HP: 38/50 MP: 4/9
   168 | D        | Killed a fire bat
   168 | D        | Reached **** piety under Qazlal
   169 | D        | Reached XP level 6. HP: 40/60 MP: 4/12
   177 | D        | Reached ***** piety under Qazlal
   183 | D        | Reached skill level 10 in Invocations
   186 | D        | Reached XP level 7. HP: 52/68 MP: 8/14
   283 | D        | Noticed a flayed ghost
   284 | D        | Reached ****** piety under Qazlal
   284 | D        | Killed a flayed ghost
   285 | D        | Reached XP level 8. HP: 78/78 MP: 7/17
   571 | D        | Reached skill level 10 in Axes
   596 | D        | Noticed a flayed ghost
   615 | D        | Killed a flayed ghost
   616 | D        | Reached skill level 10 in Fighting
   616 | D        | Reached XP level 9. HP: 86/86 MP: 5/20
   824 | D        | Reached skill level 10 in Shields
   824 | D        | Reached skill level 15 in Invocations
   843 | D        | Reached skill level 10 in Armour
   847 | D        | Noticed an orc sorcerer
   849 | D        | Noticed a komodo dragon
   851 | D        | Killed an orc sorcerer
   855 | D        | Killed a shadow wraith
   861 | D        | Killed a komodo dragon
   862 | D        | Reached XP level 10. HP: 85/97 MP: 22/22
   889 | D        | Noticed a deep elf zephyrmancer
   891 | D        | Killed a deep elf zephyrmancer
   891 | D        | Noticed a kobold demonologist
   894 | D        | Noticed a kobold demonologist
   895 | D        | Killed a kobold demonologist
   895 | D        | Killed a kobold demonologist
   895 | D        | Killed a kobold demonologist
  1158 | D        | Noticed a two-headed ogre
  1159 | D        | Killed a two-headed ogre
  1159 | D        | Noticed an orange demon
  1160 | D        | Noticed Pikel
  1160 | D        | Noticed a boulder beetle
  1161 | D        | Noticed a four-headed hydra
  1161 | D        | Noticed a boulder beetle
  1162 | D        | Noticed a kobold demonologist
  1163 | D        | Killed Pikel
  1163 | D        | Killed a four-headed hydra
  1163 | D        | Killed an orange demon
  1163 | D        | Killed a boulder beetle
  1164 | D        | Reached XP level 11. HP: 110/110 MP: 8/24
  1165 | D        | Killed a boulder beetle
  1166 | D        | Reached skill level 15 in Axes
  1372 | D        | Got the ring "Ditwicha" {Wiz rF+}
  1445 | D        | Gained mutation: You possess an exceptional clarity of
                  | mind. [potion of mutation]
  1445 | D        | Gained mutation: You are partially covered in large bone
                  | plates. (SH +4) [potion of mutation]
  1445 | D        | Gained mutation: Your mind is acute. (Int +4, Str/Dex -1)
                  | [potion of mutation]
  1508 | D        | Noticed a boulder beetle
  1510 | D        | Noticed a swamp dragon
  1518 | D        | Killed a swamp dragon
  1534 | D        | Killed a boulder beetle
  1608 | D        | Reached skill level 15 in Fighting
  1675 | D        | Noticed a merfolk aquamancer
  1677 | D        | Noticed a cyclops
  1680 | D        | Killed a cyclops
  1681 | D        | Reached XP level 12. HP: 45/121 MP: 17/26
  1688 | D        | Killed a merfolk aquamancer
  1801 | D        | Noticed a sun demon
  1807 | D        | Killed a sun demon
  2010 | D        | Noticed a Hell Sentinel
  2010 | D        | Noticed a hell beast
  2010 | D        | Noticed an anaconda
  2011 | D        | Killed a hell beast
  2011 | D        | Killed an anaconda
  2032 | D        | Killed a Hell Sentinel
  2039 | D        | Got the ring of the Hurling Madman {EV+4 Str+3}
  2395 | D        | Noticed a boulder beetle
  2395 | D        | Noticed a naga warrior
  2395 | D        | Noticed a naga warrior
  2395 | D        | Noticed a profane servitor
  2395 | D        | Noticed an orc warlord
  2395 | D        | Noticed a deep elf knight
  2395 | D        | Noticed a naga warrior
  2396 | D        | Killed a deep elf knight
  2396 | D        | Killed a naga warrior
  2396 | D        | Killed a naga warrior
  2396 | D        | Killed a boulder beetle
  2396 | D        | Killed an orc warlord
  2397 | D        | Reached skill level 15 in Armour
  2397 | D        | Reached skill level 15 in Shields
  2397 | D        | Reached XP level 13. HP: 126/132 MP: 19/29
  2397 | D        | Killed a profane servitor
  2400 | D        | Noticed an orc warlord
  2403 | D        | Killed an orc warlord
  2404 | D        | Noticed a yaktaur captain
  2404 | D        | Noticed Saint Roka
  2406 | D        | Killed a yaktaur captain
  2406 | D        | Killed Saint Roka
  2424 | D        | Reached XP level 14. HP: 102/144 MP: 25/31
  2428 | D        | Found the +3 Mad Mage's Maulers {Infuse+∞ RegenMP Int-3}
  2558 | D        | Reached skill level 27 in Invocations
  2737 | D        | Identified the amulet "Qeygoh" {Faith Harm Dex+4}
  2762 | D        | Noticed Polyphemus
  2791 | D        | Killed Polyphemus
  2792 | D        | Noticed Josephine
  2796 | D        | Killed Josephine
  3027 | D        | Noticed a cacodemon
  3027 | D        | Noticed a black draconian
  3029 | D        | Noticed a stone giant
  3033 | D        | Noticed a black draconian
  3034 | D        | Killed a black draconian
  3034 | D        | Killed a black draconian
  3034 | D        | Killed a cacodemon
  3036 | D        | Killed a stone giant
  3235 | D        | Noticed a fire giant
  3238 | D        | Noticed a deep elf demonologist
  3252 | D        | Noticed an Ice Fiend
  3252 | D        | Killed a deep elf demonologist
  3258 | D        | Killed a fire giant
  3411 | D        | Reached XP level 15. HP: 131/160 MP: 0/32
  3446 | D        | Noticed an ancient lich
  3448 | D        | Noticed an angel
  3449 | D        | Killed an ancient lich
  3449 | D        | Killed a balrug
  3449 | D        | Killed an angel
  3451 | D        | Noticed a frost giant
  3467 | D        | Killed a frost giant
  3520 | D        | Noticed Boris
  3541 | D        | Killed Boris
  3907 | D        | Noticed a ghoul
  3913 | D        | Killed a ghoul
  4050 | D        | Found the +5 sword of Power {vorpal}
  4092 | D        | Got the +0 cloak of the Flute {rPois Dex+5}
  4215 | D        | Found the +8 mithril axe "Arga" {speed, Will+}
  4215 | D        | Noticed a titan
  4216 | D        | Killed a titan
  4217 | D        | Reached skill level 27 in Axes
  4217 | D        | Reached XP level 16. HP: 180/180 MP: 24/33
  4221 | D        | Got the ring of Ely Ted {+Blink MP+9 AC+4 Dex-3}
  4239 | D        | Got Cuvosa's Encyclopedia of Changing
  4244 | D        | Got the +7 buckler of the Tundras {*Corrode rElec rC-
                  | Dex+9}
  4268 | D        | Got a silver rune of Zot
  4423 | D        | Noticed a deep elf blademaster
  4431 | D        | Noticed a nagaraja
  4432 | D        | Killed a deep elf blademaster
  4435 | D        | Killed a nagaraja
  4436 | D        | Reached skill level 27 in Fighting
  4438 | D        | Noticed Frances
  4440 | D        | Noticed a sphinx
  4444 | D        | Noticed a lich
  4446 | D        | Killed a lich
  4461 | D        | Killed Frances
  4467 | D        | Killed a sphinx
  4487 | D        | Noticed a rockslime
  4502 | D        | Killed a rockslime
  4503 | D        | Reached skill level 27 in Shields
  4506 | D        | Reached skill level 27 in Armour
  4542 | D        | Got the amulet "Meaxep" {Reflect +Inv Fly rPois Int-5 SH+5}
  4544 | D        | Got the ring "Ceridorgh" {rPois Str+5 Slay+5}
  4547 | D        | Got the ring of Leropnuk {Str+5 Dex+6}
  4549 | D        | Got the ring "Redghiy" {Fire rPois rN++ Str-4 Int+2}
  4551 | D        | Got the ring "Ugupher" {AC+6 Dex+3}
  4553 | D        | Got the ring of Cudag {Ice Will+ Slay-2 Stlth+}
  4555 | D        | Got the ring "Galyrik" {Str+5 Dex+6}
  4557 | D        | Got the ring of Tamenapala {rCorr EV+6}
  4559 | D        | Got the ring "Vyohar" {Fire Fly Str-3 Int+7 Dex-2}
  4561 | D        | Got the ring of the Harvest {*Corrode rF+ Will+ EV+6}
  4699 | D        | Noticed Frederick
  4705 | D        | Killed Frederick
  4706 | D        | Reached skill level 5 in Dodging
  4708 | D        | Lost mutation: Your mind is acute. (Int +4, Str/Dex -1) [a
                  | cacodemon]
  4711 | D        | Reached XP level 17. HP: 180/191 MP: 34/34
  4727 | D        | Noticed a sphinx
  4728 | D        | Killed a sphinx
  4741 | D        | Noticed a bone dragon
  4747 | D        | Killed a bone dragon
  4749 | D        | Noticed a tentacled monstrosity
  4777 | D        | Reached skill level 10 in Dodging
  4784 | D        | Killed a tentacled monstrosity
  4907 | D        | Reached skill level 10 in Evocations
  4943 | D        | Noticed an ancient lich
  4950 | D        | Noticed a titan
  4957 | D        | Killed an ancient lich
  4957 | D        | Killed a titan
  4957 | D        | Noticed a royal mummy
  4963 | D        | Killed a royal mummy
  4963 | D        | Killed a Brimstone Fiend
  4963 | D        | Lost intelligence.
  4964 | D        | Reached skill level 15 in Dodging
  4966 | D        | Noticed a golden dragon
  4969 | D        | Killed a golden dragon
  5327 | D        | Found the +10 tower shield of Ignorance {rN+ Int-4}
  5434 | D        | Lost intelligence.
  5440 | D        | Got the amulet of Departure {Reflect rElec rPois SH+5}
  5464 | D        | Got the ring of Dawn {rPois rN+ Will+ Slay+2 SInv}
  5466 | D        | Got the ring "Gyamaj" {Fire rPois Dex+2}
  5468 | D        | Got the ring "Nampevva" {AC+4 Str+3 Int+4 Dex-5 Stlth+}
  5762 | D        | Noticed a lich
  5762 | D        | Noticed the 27-headed Lernaean hydra
  5763 | D        | Killed a lich
  5769 | D        | Killed the 27-headed Lernaean hydra
  5770 | D        | Reached XP level 18. HP: 116/200 MP: 19/35
  5990 | D        | Noticed Louise
  5990 | D        | Noticed an Orb Guardian
  5990 | D        | Noticed an Orb Guardian
  5990 | D        | Noticed an Orb Guardian
  5990 | D        | Noticed an Orb Guardian
  5991 | D        | Noticed an Orb Guardian
  5991 | D        | Noticed an Orb Guardian
  5991 | D        | Noticed a lich
  5991 | D        | Noticed a tentacled monstrosity
  5992 | D        | Killed a lich
  5992 | D        | Killed a tentacled monstrosity
  5996 | D        | Killed an Orb Guardian
  5996 | D        | Killed an Orb Guardian
  5996 | D        | Killed an Orb Guardian
  5998 | D        | Killed an Orb Guardian
  6001 | D        | Killed an Orb Guardian
  6002 | D        | Noticed Mennas
  6005 | D        | Killed an Orb Guardian
  6005 | D        | Noticed a golden dragon
  6006 | D        | Noticed Margery
  6006 | D        | Noticed Mara
  6007 | D        | Killed a golden dragon
  6007 | D        | Killed Mennas
  6008 | D        | Killed Mara
  6008 | D        | Killed Margery
  6024 | D        | Killed Louise
  6098 | D        | Noticed an Orb Guardian
  6108 | D        | Killed an Orb Guardian
  6224 | D        | Noticed Xtahua
  6236 | D        | Killed Xtahua
  6253 | D        | Noticed an Orb Guardian
  6258 | D        | Killed an Orb Guardian
  6259 | D        | Noticed an ancient lich
  6259 | D        | Noticed an Orb Guardian
  6259 | D        | Noticed an Orb Guardian
  6260 | D        | Noticed a Killer Klown
  6262 | D        | Noticed Ereshkigal
  6266 | D        | Noticed Arugul the pandemonium lord
  6268 | D        | Noticed a Tzitzimitl
  6269 | D        | Killed an ancient lich
  6274 | D        | Noticed Jory
  6280 | D        | Killed a Killer Klown
  6302 | D        | Noticed a Tzitzimitl
  6307 | D        | Noticed a Tzitzimitl
  6313 | D        | Killed an Orb Guardian
  6316 | D        | Noticed a Tzitzimitl
  6340 | D        | Noticed a Tzitzimitl
  6340 | D        | Killed Ereshkigal
  6344 | D        | Killed Arugul the pandemonium lord
  6771 | D        | Noticed an Orb Guardian
  6777 | D        | Noticed an Orb Guardian
  6779 | D        | Killed an Orb Guardian
  6785 | D        | Killed an Orb Guardian
  6786 | D        | Noticed an Orb Guardian
  6795 | D        | Killed an Orb Guardian
  6810 | D        | Killed an Orb Guardian
  6811 | D        | Killed Jory
  6811 | D        | Noticed Yshucit the pandemonium lord
  6812 | D        | Reached XP level 19. HP: 207/207 MP: 36/36
  6828 | D        | Killed Yshucit the pandemonium lord
  6861 | D        | Found the +7 sceptre of Asmodeus
  6861 | D        | Noticed Asmodeus
  6867 | D        | Reached skill level 27 in Evocations
  6867 | D        | Killed Asmodeus
  6868 | D        | Noticed an orb of fire
  6869 | D        | Noticed an Ice Fiend
  6870 | D        | Noticed a royal mummy
  6875 | D        | Gained mutation: Your body sometimes deteriorates upon
                  | taking damage. [an orb of fire]
  6883 | D        | Killed an Ice Fiend
  6885 | D        | Noticed a tentacled monstrosity
  6887 | D        | Killed an orb of fire
  6970 | D        | Reached skill level 27 in Dodging
  7410 | D        | Killed a royal mummy
  7496 | D        | Killed a tentacled monstrosity
  7706 | D        | Reached skill level 10 in Stealth
  7744 | D        | Noticed a profane servitor
  7745 | D        | Noticed an ancient lich
  7752 | D        | Noticed Akeh the pandemonium lord
  7753 | D        | Noticed a Brimstone Fiend
  7761 | D        | Reached skill level 15 in Stealth
  7769 | D        | Killed a profane servitor
  7769 | D        | Killed an ancient lich
  7776 | D        | Killed a Brimstone Fiend
  7789 | D        | Killed Akeh the pandemonium lord
  8073 | D        | Noticed an orb of fire
  8079 | D        | Lost mutation: You possess an exceptional clarity of mind.
                  | [an orb of fire]
  8082 | D        | Gained mutation: You are clumsy. (Dex -2) [an orb of fire]
  8089 | D        | Killed an orb of fire
  8151 | D        | Noticed a profane servitor
  8164 | D        | Killed a profane servitor
  8197 | D        | Noticed a Killer Klown
  8208 | D        | Killed a Killer Klown
  8209 | D        | Reached XP level 20. HP: 216/216 MP: 37/37
  8211 | D        | Noticed Lom Lobon
  8310 | D        | Killed from afar by Lom Lobon

Illustrated notes

Levels and vault maps discovered:
D:        pitsprint [storerooms_1, entrance_room_1, metal_vault_6, armoury_1,
          mini_pit_1, grid_room_1, main_hall_1, silver_pit, the_coven_2,
          the_vestibule_1, steel_vault_5, golden_pit, hallway_of_sentries,
          crystal_vault_1, iron_vault_5, final_vault]

Skill      XL: |  1  2  3  4  5  6  7  8  9 10 11 12 13 14 15 16 17 18 19 20 |
---------------+-------------------------------------------------------------+-----
Axes           | 3 5 7 8 9 11 12 14 16 18 20 23 27 | 27.0
Fighting       | 4 6 7 8 9 10 11 14 15 17 18 21 26 27 | 27.0
Shields        | 4 5 6 7 8 9 10 12 13 15 17 20 24 27 | 27.0
Invocations    | 1 6 9 10 12 14 16 19 21 24 26 27 | 27.0
Armour         | 5 6 7 8 9 10 12 13 15 17 20 24 27 | 27.0
Dodging        | 6 17 23 27 | 27.0
Evocations     | 18 26 27 | 27.0
Stealth        | 21 22 | 22.1

Action                   |  1- 3 |  4- 6 |  7- 9 | 10-12 | 13-15 | 16-18 | 19-21 || total
-------------------------+-------+-------+-------+-------+-------+-------+-------++-------
Melee: War axe           |    44 |    22 |    23 |       |       |       |       ||    89
       Broad axe         |       |       |    54 |    81 |   192 |   226 |   209 ||   762
Invok: Disaster Area     |       |       |     3 |    12 |     8 |    16 |     8 ||    47
       Upheaval          |       |       |       |     1 |       |     3 |     2 ||     6
  Use: Potion            |     5 |     3 |     2 |     6 |     8 |    25 |    10 ||    59
       Scroll            |       |       |       |     6 |     2 |     4 |       ||    12
 Stab: Confused          |       |       |     1 |       |       |       |       ||     1
Armor: Scale mail        |    23 |       |       |       |       |       |       ||    23
       Plate armour      |    18 |    46 |    28 |    40 |       |       |       ||   132
       Gold dragon scale |       |       |       |       |    70 |    47 |    25 ||   142
Dodge: Dodged            |    36 |    10 |    13 |    13 |    42 |    39 |     8 ||   161
       Repelled          |       |       |       |     1 |       |     2 |     2 ||     5
Block: Buckler           |    30 |    34 |    46 |    79 |   132 |   102 |       ||   423
       Tower shield      |       |       |       |       |       |   160 |   146 ||   306
       Reflection        |       |       |       |       |       |     5 |     1 ||     6

Table legend: (Time is in decaauts)
 A = Elapsed time spent in this place.
 B = Non-inter-level travel time spent in this place.
 C = Inter-level travel time spent in this place.
 D = Time resting spent in this place.
 E = Time spent auto-exploring this place.
 F = Levels seen in this place.
 G = Mean time per level.
                   A        B        C        D        E       F      G
               +--------+--------+--------+--------+--------+-----+--------+
         Total |   8041 |   7824 |    217 |   4592 |      0 |   1 | 8041.0 |
       Dungeon |   8041 |   7824 |    217 |   4592 |      0 |   1 | 8041.0 |
               +--------+--------+--------+--------+--------+-----+--------+

Top non-repeatable levels by time:
       D: 8041 daAuts
